 Dungeon Crawl Stone Soup version 0.19.1-28-ge1247f7 (webtiles) character file.

124244 dondy the Executioner (level 16, -5/232 HPs)
             Began as a Hill Orc Berserker on Jan 21, 2017.
             Was a High Priest of Trog.
             Killed from afar by a hell knight (16 damage)
             ... with a bolt of fire
             ... led by Margery
             ... on level 1 of the Depths.
             The game lasted 01:29:12 (30319 turns).

dondy the Executioner (Hill Orc Berserker)         Turns: 30319, Time: 01:29:13

Health: -5/232     AC: 28    Str: 32    XL:     16   Next: 92%
Magic:  16/16      EV:  9    Int: 11    God:    Trog [*****.]
Gold:   1629       SH:  0    Dex: 10    Spells: 0 memorised, 15 levels left

rFire  + . .     SeeInvis +     a - +5 executioner's axe (flame)
rCold  + . .     Gourm    .     s - +1 plate armour {rF+}
rNeg   + . .     Faith    +     (shield currently unavailable)
rPois  .         Spirit   .     v - +0 helmet {SInv}
rElec  .         Reflect  .     Q - +0 cloak {MR+}
rCorr  .         Harm     .     S - +1 pair of gloves {archery}
MR     ++...                    O - +0 pair of boots of the Fife {+Inv}
Stlth  ..........               K - amulet of faith
                                M - ring of Moodiness {+Fly rC+ rN+ Int+4 Stlth+}
                                p - +3 ring of protection

@: berserking (expiring), very quick
A: no striking features
a: Berserk, Trog's Hand, Brothers in Arms, Burn Spellbooks, Renounce Religion,
Evoke Invisibility, Evoke Flight


You were on level 1 of the Depths.
You worshipped Trog.
Trog was extremely pleased with you.
You were hungry.

You visited 4 branches of the dungeon, and saw 24 of its levels.
You also visited: Labyrinth and Volcano.

You collected 2270 gold pieces.
You spent 641 gold pieces at shops.

Inventory:

Hand Weapons
 a - a +5 executioner's axe of flaming (weapon)
 b - the +3 battleaxe of the Undead {chop, rF+ rC+ MR+}
   (You found it in a labyrinth)

   It inflicts extra damage upon your enemies.
   It protects you from fire.
   It protects you from cold.
   It affects your resistance to hostile enchantments.
 h - a +7 blowgun
 J - the +8 battleaxe of Suicidal Tendencies {elec, rElec Dex+4, unknown}
   (Trog gifted it to you on level 1 of the Depths)

   Occasionally, upon striking a foe, it will discharge some electrical energy
   and cause terrible harm.
   It affects your dexterity (+4).
   It insulates you from electricity.
Missiles
 y - 3 tomahawks of dispersal (quivered)
 Z - 16 curare-tipped needles
Armour
 s - a +1 plate armour of fire resistance (worn)
 v - a +0 helmet of see invisible (worn)
 O - the +0 pair of boots of the Fife (worn) {+Inv}
   (You found it on level 8 of the Dungeon)

   It lets you turn invisible.
 Q - a +0 cloak of magic resistance (worn)
 S - a +1 pair of gloves of archery (worn)
Rods
 f - a +1 iron rod (9/9)
   (You took it off a minotaur in a labyrinth)
 t - a +0 rod of ignition (14/14)
   (You found it in a labyrinth)
 G - a +6 lightning rod (11/11)
   (You found it in a labyrinth)
Jewellery
 p - a +3 ring of protection (left hand)
 K - an amulet of faith (around neck)
 M - the ring of Moodiness (right hand) {+Fly rC+ rN+ Int+4 Stlth+}
   (You found it in a labyrinth)

   [ring of flight]

   It affects your intelligence (+4).
   It protects you from cold.
   It protects you from negative energy.
   It lets you fly.
   It makes you more stealthy.
 N - an uncursed ring of protection from fire {unknown}
 R - a +3 ring of evasion {unknown}
Wands
 o - a wand of disintegration (19/24)
 A - a wand of lightning (8/15)
 E - a wand of teleportation (3/9)
 V - a wand of disintegration (12/24)
 W - a wand of iceblast (11/15)
 Y - a wand of lightning (1/15)
Scrolls
 i - a scroll of torment {unknown}
 j - 9 scrolls of remove curse
 k - a scroll of fear {unknown}
 m - 4 scrolls of blinking
 r - a scroll of recharging {unknown}
 w - 10 scrolls of teleportation
 D - 3 scrolls of amnesia {unknown}
 F - 3 scrolls of vulnerability {unknown}
 L - 4 scrolls of enchant armour {unknown}
 P - 3 scrolls of fog
 T - a scroll of summoning {unknown}
Potions
 d - 2 potions of invisibility
 e - 4 potions of agility
 l - a potion of ambrosia {unknown}
 n - 3 potions of cancellation
 q - 2 potions of heal wounds {unknown}
 u - 2 potions of cure mutation {unknown}
 z - 6 potions of berserk rage {unknown}
 B - 6 potions of curing
 H - 3 potions of haste {unknown}
 I - a potion of resistance {unknown}
 U - 4 potions of degeneration {unknown}
 X - 2 potions of mutation {unknown}
Miscellaneous
 C - 2 phantom mirrors
Comestibles
 c - 12 bread rations
 g - 3 chunks of flesh
 x - 11 meat rations


   Skills:
 + Level 17.5 Fighting
 * Level 24.3 Axes
 + Level 15.7 Armour
 - Level 2.0 Dodging
 + Level 1.0 Evocations


You had 15 spell levels left.
You didn't know any spells.

Dungeon Overview and Level Annotations

Branches:
Dungeon (15/15)            Temple (0/1) D:7            Lair (6/6) D:9
 Shoals (0/4) Lair:3        Snake (0/4) Lair:3        Slime (0/5) Lair:5
    Orc (2/2) D:10            Elf (0/3) Orc:2        Vaults (0/5) D:13
 Depths (1/5) D:15

Altars:
Ashenzari
Cheibriados
Dithmenos
Elyvilon
Fedhas
Gozag
Hepliaklqana
Nemelex Xobeh
Qazlal
Ru
Sif Muna
Trog
Yredelemnul
Zin
The Shining One
Beogh
Jiyva

Shops:
D:5 *   D:10 *   D:12 (**[:   Orc:1 (   Orc:2 ?(}(

Portals:
Abyss: Depths:1

Annotations:
Lair:1 exclusion: oklob plant


Message History

The hell knight is moderately wounded.
You chop the hell knight into pieces!!!
The hell knight is almost dead.
The hell knight hits you but does no damage.
You slice the hell knight!!
You kill the hell knight!
Trog accepts your kill.
Trog appreciates your killing of a magic user.
You slice the hell knight!!
The hell knight is moderately wounded.
You slash the hell knight!
The hell knight is heavily wounded.
The hell knight hits you but does no damage.
Your plate armour prevents you from hitting the hell knight.
The hell knight is heavily wounded.
You slice the hell knight!!
The hell knight is almost dead.
The hell knight points at you and mumbles some strange words.
The bolt of fire hits you! You resist.
You die...

#.##.######'###
#.##.# ... #.##.# ###
#.##.# #.##.#####.##
..#######(...........
........)..).#####.##
'###########)# #@#
...#####p###
...........#
...........#
...........#
...........'.
...........###
...........#
...........#


You could see a hell knight.

Vanquished Creatures
  Margery (Depths:1)
  2 liches
  Rupert (Lair:5)
  A fire giant (Depths:1)
  2 frost giants (Depths:1)
  2 orc warlords
  3 stone giants (Depths:1)
  Azrael (Orc:2)
  A spark wasp (Depths:1)
  2 ettins (Depths:1)
  Josephine (Orc:1)
  A great orb of eyes (Depths:1)
  4 fire dragons
  Erolcha (D:13)
  A minotaur (Lab)
  8 hydras
  The ghost of galech the Fighter, a novice OgFi of Makhleb (Orc:2)
  An ice dragon (Depths:1)
  A rakshasa (Depths:1)
  5 centaur warriors
  Erica (D:8)
  2 dancing weapons (D:13)
  3 deep troll shamans (Depths:1)
  A deep troll earth mage (Depths:1)
  3 orc high priests (Orc:2)
  2 tengu warriors (D:15)
  The ghost of Vajrapani the Martial Artist, a novice DsFi of Nemelex Xobeh (D:10)
  Sonja (Lair:3)
  A fire crab (Lair:6)
  4 hell knights
  A glowing orange brain (Depths:1)
  3 skeletal warriors (D:12)
  A wizard (D:15)
  7 deep trolls (Depths:1)
  A sea snake (Lair:3)
  Pikel (D:8)
  6 hill giants
  A necromancer (Depths:1)
  5 orc sorcerers
  13 ugly things
  A deep elf mage (D:15)
  4 cyclopes
  4 manticores
  A salamander (Depths:1)
  A salamander (shapeshifter) (Depths:1)
  Maurice (D:12)
  A guardian serpent (shapeshifter) (D:14)
  9 elephants
  7 black mambas
  5 molten gargoyles
  Psyche (D:12)
  3 centaur skeletons
  A naga mage (D:15)
  8 komodo dragons
  Joseph (D:8)
  12 spiny frogs
  A kobold demonologist (D:15)
  3 rime drakes (Lair:6)
  2 yaktaurs
  A tengu conjurer (Depths:1)
  A queen bee (shapeshifter) (Depths:1)
  7 trolls
  Prince Ribbit (D:8)
  A polar bear (Lair:3)
  A two-headed ogre (D:12)
  12 hippogriffs
  8 slime creatures
  16 blink frogs
  7 dream sheep (Lair:5)
  2 centaur simulacra
  A redback (Lab)
  4 wraiths
  3 wyverns (Lair:6)
  20 yaks
  8 basilisks
  2 fire bats (Volcano)
  A fire elemental (Orc:2)
  8 vampire mosquitoes
  A steam dragon (Lair:6)
  3 hungry ghosts
  A mottled dragon (Lair:6)
  6 wargs (Orc:1)
  A soldier ant (D:12)
  3 nagas (Lair:3)
  9 water moccasins
  8 hell hounds
  7 porcupines
  5 ice beasts
  A slave (D:8)
  A phantom (D:10)
  20 orc warriors
  6 ogres
  4 wolves (D:9)
  4 boggarts (Depths:1)
  17 centaurs
  10 crocodiles
  5 big kobolds
  10 bullfrogs
  2 scorpions
  9 wights
  3 electric eels (D:9)
  7 centaur zombies
  A howler monkey (D:6)
  8 crimson imps
  7 lava snakes
  9 hounds
  2 quasits
  2 bullfrog skeletons
  31 orc priests
  16 jellies
  24 orc wizards
  5 iguanas
  5 worker ants
  Terence (D:2)
  Natasha (thrice) (D:2 D:4)
  A howler monkey skeleton (D:10)
  13 adders
  7 shadow imps
  9 oozes
  3 worms
  3 dart slugs
  3 leopard geckos
  59 orcs
  A ball python (D:4)
  3 giant cockroaches
  6 goblins
  5 hobgoblins
  13 jackals
  26 kobolds
  A quokka (D:11)
  9 bats
  4 frilled lizards
  A jackal skeleton (D:5)
  A leopard gecko skeleton (D:5)
  10 rats
  2 fungi
  4 plants (Lair:6)
709 creatures vanquished.

Vanquished Creatures (collateral kills)
  A spark wasp (Depths:1)
  An ettin (Depths:1)
  A hydra (Lair:2)
  An orc high priest (Orc:2)
  2 hell knights (Depths:1)
  A necromancer (D:15)
  An orc sorcerer (Orc:1)
  A centaur zombie (D:15)
  A centaur skeleton (D:15)
  A spiny frog (Lair:5)
  A komodo dragon (Lair:5)
  A blink frog (Lair:3)
  A wraith (Orc:1)
  A warg (Orc:1)
  2 orc warriors (Orc:2)
  An orc priest (Orc:2)
  3 orc wizards (Orc:2)
21 creatures vanquished.

Vanquished Creatures (others)
  An orc priest (Orc:1)
  An orc wizard (Orc:2)
  A bush (Lair:6)
  11 fungi
  53 plants
67 creatures vanquished.

Grand Total: 797 creatures vanquished

Notes
Turn   | Place    | Note
-------+----------+-------------------------------------------
     0 | D:1      | dondy the Hill Orc Berserker began the quest for the Orb.
     0 | D:1      | Reached XP level 1. HP: 19/19 MP: 1/1
   378 | D:1      | Reached XP level 2. HP: 26/27 MP: 2/2
   614 | D:1      | Reached skill level 5 in Axes
   723 | D:1      | Reached ** piety under Trog
   723 | D:1      | Reached XP level 3. HP: 33/33 MP: 3/3
  1131 | D:2      | Noticed Natasha
  1264 | D:2      | Killed Natasha
  1426 | D:2      | Noticed Terence
  1432 | D:2      | Killed Terence
  1432 | D:2      | Reached XP level 4. HP: 41/41 MP: 4/4
  1478 | D:2      | Noticed Natasha
  1484 | D:2      | Killed Natasha
  1484 | D:2      | Reached skill level 6 in Axes
  1605 | D:2      | Reached XP level 5. HP: 44/47 MP: 5/5
  1787 | D:2      | Found a blossoming altar of Fedhas.
  2392 | D:3      | HP: 3/70 [orc priest/hand axe (3)]
  2395 | D:3      | HP: 1/47 [orc priest/hand axe (1)]
  2402 | D:3      | Reached skill level 7 in Axes
  2705 | D:3      | Reached *** piety under Trog
  2705 | D:3      | Reached XP level 6. HP: 51/53 MP: 6/6
  3044 | D:4      | Noticed Natasha
  3050 | D:4      | Killed Natasha
  3050 | D:4      | Reached skill level 8 in Axes
  3062 | D:4      | Found a shattered altar of Ashenzari.
  3311 | D:4      | Reached skill level 5 in Fighting
  3311 | D:4      | Reached XP level 7. HP: 57/61 MP: 7/7
  3463 | D:4      | Found a glowing golden altar of the Shining One.
  3463 | D:4      | Found a white marble altar of Elyvilon.
  3464 | D:4      | Found a glowing silver altar of Zin.
  3492 | D:5      | Entered Level 5 of the Dungeon
  3492 | D:5      | Found Esairu's Assorted Antiques.
  3600 | D:5      | Reached skill level 9 in Axes
  3619 | D:5      | Got a dazzling leather armour
  3630 | D:5      | Identified the cursed +0 leather armour "Xejer" {Str+4 Dex+3} (You found it on level 5 of the Dungeon)
  3681 | D:5      | Reached **** piety under Trog
  4057 | D:5      | Reached skill level 10 in Axes
  4292 | D:5      | Found a basalt altar of Yredelemnul.
  4340 | D:5      | Reached XP level 8. HP: 28/68 MP: 8/8
  4564 | D:6      | Reached skill level 11 in Axes
  4564 | D:6      | Reached skill level 5 in Armour
  5461 | D:6      | Found a snail-covered altar of Cheibriados.
  5617 | D:7      | Found a stormy altar of Qazlal.
  5661 | D:7      | Reached skill level 12 in Axes
  5725 | D:7      | Found a shadowy altar of Dithmenos.
  5758 | D:7      | Found a staircase to the Ecumenical Temple.
  5896 | D:7      | Reached XP level 9. HP: 69/78 MP: 9/9
  6063 | D:8      | Noticed Erica
  6072 | D:8      | Killed Erica
  6072 | D:8      | Reached skill level 13 in Axes
  6073 | D:8      | Noticed Pikel
  6077 | D:8      | Killed Pikel
  6077 | D:8      | Reached skill level 14 in Axes
  6287 | D:8      | Noticed Prince Ribbit
  6302 | D:8      | Killed Prince Ribbit
  6302 | D:8      | Reached XP level 10. HP: 66/88 MP: 10/10
  6422 | D:8      | Got a pair of transparent boots
  6433 | D:8      | Identified the cursed +0 pair of boots of the Fife {+Inv} (You found it on level 8 of the Dungeon)
  6932 | D:8      | Noticed Joseph
  6945 | D:8      | Killed Joseph
  6945 | D:8      | Reached skill level 15 in Axes
  7286 | D:9      | Found a sparkling altar of Nemelex Xobeh.
  7288 | D:9      | Found a hazy altar of Hepliaklqana.
  7290 | D:9      | Found a snail-covered altar of Cheibriados.
  7290 | D:9      | Found a sacrificial altar of Ru.
  7390 | D:9      | Reached skill level 16 in Axes
  8116 | D:9      | Found a bloodstained altar of Trog.
  8141 | D:9      | Found a staircase to the Lair.
  8291 | D:9      | Noticed a hill giant
  8299 | D:9      | Killed a hill giant
  8432 | D:10     | Entered Level 10 of the Dungeon
  8443 | D:10     | Noticed a hill giant
  8454 | D:10     | Killed a hill giant
  8454 | D:10     | Reached ***** piety under Trog
  8454 | D:10     | Reached XP level 11. HP: 51/95 MP: 11/11
  8712 | D:10     | Found Palyfit's General Store.
  8716 | D:10     | Reached skill level 17 in Axes
  8751 | D:10     | Bought a scroll of identify for 26 gold pieces
  8751 | D:10     | Bought a potion of might for 52 gold pieces
  8751 | D:10     | Bought a potion of invisibility for 104 gold pieces
  8855 | D:10     | Found a staircase to the Orcish Mines.
  8859 | D:10     | Found a roughly hewn altar of Beogh.
  8934 | D:10     | Noticed Vajrapani's ghost (novice DsFi)
  8950 | D:10     | Killed Vajrapani's ghost
  9644 | Lair:1   | Entered Level 1 of the Lair of Beasts
 10356 | Lair:1   | Noticed an oklob plant
 10387 | Lair:1   | Received a gift from Trog
 10677 | Lair:2   | Reached skill level 18 in Axes
 11196 | Lair:2   | Noticed a five-headed hydra
 11202 | Lair:2   | Killed a five-headed hydra
 11256 | Lair:2   | Reached skill level 10 in Fighting
 11692 | Lair:2   | Noticed a five-headed hydra
 11704 | Lair:2   | Killed a five-headed hydra
 11940 | Lair:2   | Found a white marble altar of Elyvilon.
 11948 | Lair:2   | Noticed an eight-headed hydra
 11954 | Lair:2   | Killed an eight-headed hydra
 11954 | Lair:2   | Reached XP level 12. HP: 70/107 MP: 12/12
 12462 | Lair:3   | Reached skill level 10 in Armour
 12498 | Lair:3   | Found a staircase to the Shoals.
 12565 | Lair:3   | HP: 4/162 [blink frog (10)]
 13212 | Lair:3   | Found a staircase to the Snake Pit.
 13639 | Lair:3   | Noticed Sonja
 13654 | Lair:3   | Killed Sonja
 14231 | Lair:4   | Noticed a seven-headed hydra
 14531 | Lair:4   | Found a dark tunnel.
 14547 | Volcano  | Entered a volcano
 14897 | Volcano  | Found a bloodstained altar of Trog.
 14897 | Volcano  | Noticed a centaur warrior
 14902 | Volcano  | Killed a centaur warrior
 15317 | Volcano  | Reached XP level 13. HP: 71/119 MP: 13/13
 16656 | Lair:5   | Found a viscous altar of Jiyva.
 16656 | Lair:5   | Found a staircase to the Slime Pits.
 16706 | Lair:5   | Noticed Rupert
 16713 | Lair:5   | Killed Rupert
 16932 | Lair:5   | Reached skill level 19 in Axes
 17774 | Lair:6   | Entered Level 6 of the Lair of Beasts
 18562 | Lair:6   | Reached skill level 20 in Axes
 18630 | Lair:6   | Reached XP level 14. HP: 122/129 MP: 14/14
 18672 | Lair:6   | Found a large runed door.
 18673 | Lair:6   | Found a large runed door.
 19393 | Lair:6   | Received a gift from Trog
 20703 | D:11     | Found a labyrinth entrance.
 20725 | Lab      | Entered a labyrinth
 20928 | Lab      | Got a wizard robe
 20938 | Lab      | Got a bound glass ring
 20938 | Lab      | Got a twitching wooden ring
 20952 | Lab      | Got a scorched battleaxe
 20953 | Lab      | Identified the +3 battleaxe of the Undead {chop, rF+ rC+ MR+} (You found it in a labyrinth)
 20955 | Lab      | Identified a +0 rod of ignition (14/14) (You found it in a labyrinth)
 20958 | Lab      | Identified the ring of Moodiness {+Fly rC+ rN+ Int+4 Stlth+} (You found it in a labyrinth)
 20960 | Lab      | Identified the ring "Aroggoq" {MR+ Stlth-} (You found it in a labyrinth)
 21559 | D:12     | Noticed Psyche
 21561 | D:12     | Killed Psyche
 21667 | D:12     | Found Nemodoiwk's General Store.
 21674 | D:12     | Reached skill level 15 in Fighting
 21695 | D:12     | Found Mesi's Antique Weapon Emporium.
 21740 | D:12     | Bought a scroll of identify for 22 gold pieces
 21831 | D:12     | Received a gift from Trog
 21862 | D:12     | Found Kiuth's Antique Armour Emporium.
 22002 | D:12     | Found Tuperuh's Book Shop.
 22168 | D:12     | Found Ohuon's Assorted Antiques.
 22171 | D:12     | Noticed Maurice
 22184 | D:12     | Killed Maurice
 22231 | D:12     | Bought a glowing cloak for 367 gold pieces
 22231 | D:12     | Bought a scroll of identify for 70 gold pieces
 22466 | D:13     | Found a gate to the Vaults.
 22666 | D:13     | Noticed Erolcha
 22672 | D:13     | Killed Erolcha
 23414 | D:14     | Found an opulent altar of Gozag.
 23457 | D:14     | Received a gift from Trog
 23682 | D:14     | Reached skill level 15 in Armour
 23785 | D:14     | Reached XP level 15. HP: 112/144 MP: 15/15
 24102 | D:15     | Entered Level 15 of the Dungeon
 24591 | D:15     | Paralysed by an orc sorcerer for 6 turns
 25135 | D:15     | Reached skill level 21 in Axes
 25171 | D:15     | Found a staircase to the Depths.
 25270 | D:15     | Received a gift from Trog
 25756 | Orc:1    | Entered Level 1 of the Orcish Mines
 25756 | Orc:1    | Noticed Josephine
 25756 | Orc:1    | Noticed an orc warlord
 25765 | Orc:1    | Killed Josephine
 26068 | Orc:1    | Killed an orc warlord
 26074 | Orc:1    | Noticed an orc warlord
 26078 | D:10     | Killed an orc warlord
 26341 | Orc:1    | Found Obumumih's Antique Weapon Shoppe.
 26543 | Orc:2    | Entered Level 2 of the Orcish Mines
 26770 | Orc:1    | Reached skill level 22 in Axes
 27234 | Orc:2    | Found Zenot's Weapon Shop.
 27234 | Orc:2    | Found Pocil's Magic Scroll Shop.
 27235 | Orc:2    | Found Wiog's Gadget Boutique.
 27238 | Orc:2    | Found Vonimp's Weapon Boutique.
 27267 | Orc:2    | Noticed galech's ghost (novice OgFi)
 27277 | Orc:2    | Killed galech's ghost
 27279 | Orc:2    | Reached ****** piety under Trog
 27387 | Orc:2    | Found a staircase to the Elven Halls.
 27497 | Orc:2    | Found a deep blue altar of Sif Muna.
 27559 | Orc:2    | Paralysed by an orc sorcerer for 4 turns
 27566 | Orc:2    | Received a gift from Trog
 27630 | Orc:2    | Noticed Azrael
 27638 | Orc:2    | Killed Azrael
 28172 | Depths:1 | Entered Level 1 of the Depths
 28172 | Depths:1 | Noticed a lich
 28172 | Depths:1 | Noticed a frost giant
 28172 | Depths:1 | Noticed a frost giant
 28188 | D:15     | Killed a lich
 28188 | D:15     | Reached XP level 16. HP: 95/154 MP: 16/16
 28415 | Depths:1 | Reached skill level 23 in Axes
 28679 | Depths:1 | Got a bound iron amulet
 28680 | Depths:1 | Identified the amulet of Sutiecve {Harm *Drain Str+2} (You found it on level 1 of the Depths)
 28729 | Depths:1 | Noticed Margery
 28749 | Depths:1 | Found a one-way gate to the infinite horrors of the Abyss.
 29108 | Depths:1 | Paralysed by a great orb of eyes for 4 turns
 29248 | Depths:1 | Received a gift from Trog
 29609 | Depths:1 | Noticed a lich
 29630 | Depths:1 | Received a gift from Trog
 29639 | Depths:1 | HP: 10/232 [deep troll[a boggart] (12)]
 29671 | Depths:1 | Got a crystal battleaxe {god gift}
 30104 | Depths:1 | Noticed a lich
 30114 | Depths:1 | Killed a lich
 30114 | Depths:1 | Reached skill level 24 in Axes
 30114 | Depths:1 | Reached skill level 1 in Evocations
 30306 | Depths:1 | Killed Margery
 30311 | Depths:1 | HP: 9/232 [hell knight/long sword of flaming[Margery] (14)]
 30319 | Depths:1 | Killed from afar by a hell knight

Skill      XL: |  1  2  3  4  5  6  7  8  9 10 11 12 13 14 15 16 |
---------------+-------------------------------------------------+-----
Axes           | 5 6 7 8 10 12 14 16 18 20 22 24 | 24.3
Fighting       | 4 5 6 7 8 10 12 13 16 17 | 17.5
Armour         | 3 4 5 6 7 9 12 13 15 | 15.7
Dodging        | 2 |  2.0
Evocations     | 1 |  1.0

Action                   |  1- 3 |  4- 6 |  7- 9 | 10-12 | 13-15 | 16-18 || total
-------------------------+-------+-------+-------+-------+-------+-------++-------
Melee: Hand axe          |   104 |   213 |   222 |       |       |       ||   539
       Broad axe         |       |       |    64 |   593 |       |       ||   657
       Battleaxe         |       |       |       |     6 |   631 |       ||   637
       Executioner's axe |       |       |       |       |   317 |   160 ||   477
Throw: Tomahawk          |       |       |     1 |     6 |       |       ||     7
Invok: Berserk           |     3 |     2 |     7 |     9 |    14 |     4 ||    39
       Trog's Hand       |       |       |     1 |       |     5 |       ||     6
       Brothers in Arms  |       |       |       |     5 |     4 |     3 ||    12
       Burn Spellbooks   |       |       |       |     2 |       |       ||     2
Evoke: Wand              |       |       |       |     4 |       |     5 ||     9
  Use: Potion            |       |     2 |       |     1 |     1 |       ||     4
       Scroll            |       |       |    13 |     5 |     4 |     2 ||    24
 Stab: Paralysed         |       |       |       |     2 |       |       ||     2
       Distracted        |       |       |       |     1 |       |       ||     1
  Eat: Chunk             |     4 |     8 |    14 |    27 |    48 |    11 ||   112
       Beef jerky        |       |       |     1 |     2 |     4 |       ||     7
       Pizza             |       |       |     1 |     1 |     4 |       ||     6
       Fruit             |       |       |       |     7 |       |       ||     7
       Royal jelly       |       |       |       |     1 |       |       ||     1
Armor: Animal skin       |     3 |       |       |       |       |       ||     3
       Scale mail        |    26 |    75 |    22 |       |       |       ||   123
       Leather armour    |       |       |    50 |       |       |       ||    50
       Plate armour      |       |       |    33 |   321 |   626 |   126 ||  1106
Dodge: Dodged            |    63 |    95 |    97 |   154 |   360 |    66 ||   835
Block: Buckler           |       |    19 |    25 |    47 |       |       ||    91
